 Dungeon Crawl Stone Soup version 0.31-a0-152-g6aa68a64a1 (webtiles) character file.

Game seed: 740094810435059618

17 qw the Shooter (level 2, -4/26 HPs)
             Began as a Naga Hunter on June 9, 2023.
             Slain by a hobgoblin
             ... wielding a +0 dagger
              (5 damage)
             ... on level 2 of the Dungeon.
             The game lasted 00:00:11 (657 turns).

qw the Shooter (Naga Hunter)                         Turns: 657, Time: 00:00:11

Health: -4/26      AC:  2    Str: 13    XL:     2   Next: 62%
Magic:  2/2        EV:  9    Int:  9    God:
Gold:   21         SH:  0    Dex: 14    Spells: 1/1 levels left

rFire   . . .        Y - +0 shortbow
rCold   . . .        (shield currently unavailable)
rNeg    . . .        c - +0 leather armour
rPois   +            (no helmet)
rElec   .            (no cloak)
rCorr   .            (no gloves)
SInv    +            (no barding)
Will    .....        (no amulet)
Stlth   ++           (no ring)
HPRegen 0.24/turn    (no ring)
MPRegen 0.08/turn

%: no passive effects
@: lethally poisoned (-4 -> -8), very slow
A: AC +0, large, see invisible, deformed body, poison resistance, slowness 2,
spit poison 1, naga tail 1
a: Spit Poison


You were on level 2 of the Dungeon.
You visited 1 branch of the dungeon, and saw 2 of its levels.

You collected 21 gold pieces.


Innate Abilities, Weirdness & Mutations

Your serpentine skin is tough. (AC +0)
You have supernaturally acute eyesight. (SInv)
Armour fits poorly on your strangely shaped body.
Your system is resistant to poisons. (rPois)
You cover ground very slowly.
You can spit poison.
You have a snake-like lower body.


   Skills:
 - Level 2.0 Fighting
 + Level 4.3 Ranged Weapons
 - Level 1.5 Dodging
 - Level 1.5 Stealth


You had one spell level left.
You didn't know any spells.
Your spell library was empty.

Inventory:

Hand Weapons
 Y - a +0 shortbow (weapon)
Armour
 c - a +0 leather armour (worn)
Potions
 d - a potion of might {unknown}
 e - a potion of lignification {unknown}
 g - a potion of magic {unknown}

Dungeon Overview and Level Annotations

Branches:
Dungeon (2/15)

Altars:

Shops:
D:1 !


Message History

You kill the kobold!
An adder comes into view.
You shoot an arrow. The arrow closely misses the adder.
The adder hisses angrily.
You shoot an arrow. The arrow misses the adder.
You hear a shout!
You shoot an arrow. The arrow hits the adder.
The adder is moderately wounded.
A goblin comes into view. It is wielding a staff of death.
You shoot an arrow. The arrow misses the adder.
You have got your breath back.
The adder bites you.
653 ||| INVOKING Spit Poison.
Aiming: Spit Poison (2% risk of failure)
Press: ? - help, Shift-Dir - straight line, f/p - adder The splash of poison misses the adder.
The adder bites you but does no damage.
A hobgoblin comes into view. It is wielding a +0 dagger.
The goblin hits you with a staff of death.
You shoot an arrow. The arrow closely misses the adder.
The adder bites you.
You are poisoned.
The adder poisons you!
The goblin hits you with a staff of death.
The adder closely misses you.
You shoot an arrow. The arrow misses the adder.
You feel sick. The adder bites you.
The goblin hits you with a staff of death.
The adder bites you.
You shoot an arrow. The arrow completely misses the adder.
You feel sick. The adder misses you.
The goblin hits you with a staff of death.
You shoot an arrow. The arrow hits the adder.
The adder is heavily wounded.
You have got your breath back.
You feel sick. The adder barely misses you. The adder bites you.
You are more poisoned.
The adder poisons you!
The hobgoblin hits you with a +0 dagger.
You die...

# ####.#
...#.###
#...... #
#.)#.##
#.##S....#
#..g@....###
####g.......
#####.### #


You could see an adder, a hobgoblin and a goblin.

Vanquished Creatures
  A dart slug (D:1)
  An endoplasm (D:1)
  3 goblins (D:1)
  A hobgoblin (D:1)
  A kobold (D:2)
  4 ball pythons (D:1)
  3 bats (D:1)
14 creatures vanquished.

Notes
Turn   | Place    | Note
-------+----------+-------------------------------------------
     0 | D:1      | qw the Naga Hunter began the quest for the Orb.
     0 | D:1      | Reached XP level 1. HP: 19/19 MP: 1/1
     0 | D:1      | 0 ||| qw: Version: 0.2-a-122-gbc61b45
     0 | D:1      | 0 ||| qw: Game counter: 3284
     0 | D:1      | 0 ||| qw: Always use a shield: true
     0 | D:1      | 0 ||| qw: God list: Okawaru
     0 | D:1      | 0 ||| qw: Allow faded altars: false
     0 | D:1      | 0 ||| qw: Do Orc after D:15 true
     0 | D:1      | 0 ||| qw: Do second Lair branch before Depths: true
     0 | D:1      | 0 ||| qw: Lair rune preference: random
     0 | D:1      | 0 ||| qw: Plans: Normal
     0 | D:1      | 0 ||| PLANNING D:1-11
    51 | D:1      | 51 ||| Stepping ~*~*~tactically~*~*~ (outnumbered).
    53 | D:1      | 53 ||| INVOKING Spit Poison.
    95 | D:1      | 95 ||| INVOKING Spit Poison.
   128 | D:1      | 128 ||| INVOKING Spit Poison.
   132 | D:1      | Reached skill level 4 in Ranged Weapons
   132 | D:1      | Reached XP level 2. HP: 26/26 MP: 2/2
   168 | D:1      | 168 ||| INVOKING Spit Poison.
   173 | D:1      | 173 ||| INVOKING Spit Poison.
   176 | D:1      | 176 ||| INVOKING Spit Poison.
   179 | D:1      | 179 ||| INVOKING Spit Poison.
   236 | D:1      | 236 ||| INVOKING Spit Poison.
   252 | D:1      | 252 ||| INVOKING Spit Poison.
   343 | D:1      | 343 ||| INVOKING Spit Poison.
   463 | D:1      | Found Buppesuy's Distillery.
   469 | D:1      | 469 ||| SHOPLISTING potion of heal wounds (50 gold, have
                  | 21).
   469 | D:1      | 469 ||| SHOPLISTING potion of might (40 gold, have 21).
   469 | D:1      | 469 ||| SHOPLISTING potion of mutation (80 gold, have 21).
   469 | D:1      | 469 ||| SHOPLISTING potion of resistance (100 gold, have
                  | 21).
   501 | D:1      | 501 ||| INVOKING Spit Poison.
   607 | D:1      | 607 ||| READING scroll labelled BODDAF WEUXAK.
   608 | D:1      | 608 ||| DROPPING scroll of butterflies.
   647 | D:2      | 647 ||| INVOKING Spit Poison.
   653 | D:2      | 653 ||| INVOKING Spit Poison.
   656 | D:2      | HP: 6/26 [goblin/staff of death (4)]
   657 | D:2      | HP: 1/26 [adder (3)]
   657 | D:2      | Slain by a hobgoblin

Levels and vault maps discovered:
D:1:      spicycebolla_green_bress_n_ham, layout_loops_ring, serial_shops,
          nicolae_shop_tiny_real_fake_doors, minmay_indecisive_spiral
D:2:      layout_loops_corners, basic_altar, kennysheep_flooded_box,
          dreamdust_wishing_well, uniq_jessica, uniq_terence

Skill      XL: |  1 |
---------------+----+-----
Ranged Weapons | 4 |  4.3
Fighting       | |  2.0
Dodging        | |  1.5
Stealth        | |  1.5

Action                     || total
---------------------------++-------
   Fire: Shortbow          ||    29
Ability: Spit Poison       ||    13
    Use: Scroll            ||     1
 Armour: Leather armour    ||     5
  Dodge: Dodged            ||    10

Table legend:
 A = Non-vault XP
 B = Vault XP
 C = Vault XP percentage of total XP
 D = Non-vault monster count
 E = Vault monster count
 F = Vault count percentage of total count
                 A         B        C        D         E       F
            +---------+---------+-------+---------+---------+-------
      Total |      18 |       7 |  28.0 |      10 |       4 |  28.6
            +---------+---------+-------+---------+---------+-------
        D:1 |      16 |       7 |  30.4 |       9 |       4 |  30.8
        D:2 |       2 |       0 |   0.0 |       1 |       0 |   0.0
            +---------+---------+-------+---------+---------+-------
